 Dungeon Crawl Stone Soup version 0.31.0-1-g2c135a0 (webtiles) character file.

Game seed: 9076560707615033168

6 edsrzf the Conjurer (level 1, 0/13 HPs)
             Began as a Merfolk Conjurer on Feb 1, 2024.
             Slain by a hobgoblin (5 damage)
             ... on level 1 of the Dungeon.
             The game lasted 00:00:31 (301 turns).

edsrzf the Conjurer (Merfolk Conjurer)               Turns: 301, Time: 00:00:32

Health: 0/13       AC:  2    Str:  7    XL:     1   Next: 90%
Magic:  0/3        EV: 12    Int: 17    God:
Gold:   17         SH:  0    Dex: 12    Spells: 3/4 levels left

rFire   . . .        (no weapon)
rCold   . . .        (no shield)
rNeg    . . .        a - +0 robe
rPois   .            (no helmet)
rElec   .            (no cloak)
rCorr   .            (no gloves)
SInv    .            (no boots)
Will    .....        (no amulet)
Stlth   ++           (no ring)
HPRegen 0.22/turn    (no ring)
MPRegen 0.08/turn

%: no passive effects
@: no status effects
A: (nimble swimmer 2), mertail
a: no special abilities


You were on level 1 of the Dungeon.
You visited 1 branch of the dungeon, and saw 1 of its levels.

You collected 17 gold pieces.

Inventory:

Armour
 a - a +0 robe (worn)
Scrolls
 e - a scroll of fear {unknown}
Potions
 b - a potion of magic
 c - a potion of lignification {unknown}
 d - a potion of curing {unknown}


   Skills:
 - Level 2.6 Dodging
 - Level 2.1 Stealth
 + Level 2.2 Spellcasting
 + Level 3.4 Conjurations


You had 3 spell levels left.
You knew the following spells:

 Your Spells              Type           Power      Damage    Failure   Level
X - Magic Dart            Conj           52%        1d5       4%          1

Your spell library contained the following spells:

 Spells                   Type           Power      Damage    Failure   Level
 Searing Ray              Conj           26%        2d5       7%          2
 Fulminant Prism          Conj/Alch      3%         3d5       67%         4
 Iskenderun's Mystic Bla  Conj/Tloc      7%         2d4       67%         4


Dungeon Overview and Level Annotations

Branches:
Dungeon (1/15)

Altars:


Innate Abilities, Weirdness & Mutations

((You are very nimble when in or above water. (Stealth+, EV+, Speed+++)))
Your lower body shifts to a powerful aquatic tail in water.


Message History

The magic dart hits the quokka.
You kill the quokka!
c - a purple potion
Found a stone staircase leading down.
d - an inky potion
e - a scroll labelled ERASTU FA ZERU A ball python and a quokka come into view.
Casting: Magic Dart (safe; 4% risk of failure)
Confirm with . or Enter, or press ? or * to list all spells.
The magic dart hits the quokka but does no damage.
The ball python hisses angrily.
Casting: Magic Dart (safe; 4% risk of failure)
Confirm with . or Enter, or press ? or * to list all spells.
The magic dart hits the quokka.
The quokka is severely wounded.
Casting: Magic Dart (safe; 4% risk of failure)
Confirm with . or Enter, or press ? or * to list all spells.
The magic dart hits the quokka.
You kill the quokka!
You barely miss the ball python. The ball python barely misses you. x2
You hit the ball python but do no damage.
The ball python bites you. The ball python closely misses you.
You closely miss the ball python. The ball python barely misses you. x2
You barely miss the ball python.
The ball python bites you but does no damage.
The ball python misses you.
Casting: Magic Dart (safe; 4% risk of failure)
Confirm with . or Enter, or press ? or * to list all spells.
Aiming: Magic Dart (safe; 4% risk of failure)
Press: ? - help, Shift-Dir - straight line, f - ball python
Aim: a ball python (100% to hit)
The magic dart hits the ball python.
You kill the ball python!
You start resting.
Magic restored.
You see here a ball python corpse.
You now have 8 gold pieces (gained 2).
You now have 17 gold pieces (gained 9).
A goblin comes into view. It is wielding a +0 club.
The goblin shouts!
You hear a shout!
The goblin moves out of view.
A goblin and a hobgoblin come into view.
The hobgoblin shouts!
Casting: Magic Dart (safe; 4% risk of failure)
Confirm with . or Enter, or press ? or * to list all spells.
The magic dart hits the hobgoblin but does no damage.
Casting: Magic Dart (safe; 4% risk of failure)
Confirm with . or Enter, or press ? or * to list all spells.
You miscast Magic Dart.
You are very lightly contaminated with residual magic.
Nothing appears to happen.
You hit the hobgoblin but do no damage. The hobgoblin barely misses you.
You hit the hobgoblin but do no damage. The goblin barely misses you.
The hobgoblin barely misses you.
You hit the hobgoblin but do no damage. The hobgoblin hits you.
The goblin closely misses you.
Casting: Magic Dart (safe; 4% risk of failure)
Confirm with . or Enter, or press ? or * to list all spells.
Aiming: Magic Dart (safe; 4% risk of failure)
Press: ? - help, Shift-Dir - straight line, f/p - hobgoblin
Aim: a hobgoblin (100% to hit)
The magic dart hits the hobgoblin.
The hobgoblin is moderately wounded.
The hobgoblin hits you but does no damage.
The goblin hits you with a +0 club.
Casting: Magic Dart (safe; 4% risk of failure)
Confirm with . or Enter, or press ? or * to list all spells.
You don't have enough magic to cast this spell.
Unknown command.
You hit the hobgoblin but do no damage.
The hobgoblin is moderately wounded.
The goblin barely misses you. The hobgoblin barely misses you.
You hit the hobgoblin but do no damage.
The hobgoblin is moderately wounded.
The goblin closely misses you. The hobgoblin completely misses you.
Your magical contamination has completely faded away.
You completely miss the hobgoblin.
The hobgoblin is lightly wounded.
The goblin hits you but does no damage. The hobgoblin closely misses you.
You hit the hobgoblin but do no damage.
The hobgoblin is lightly wounded.
The hobgoblin closely misses you. The goblin hits you with a +0 club.
You barely miss the hobgoblin.
The hobgoblin is lightly wounded.
The hobgoblin hits you. The goblin hits you but does no damage.
You hit the hobgoblin but do no damage.
The hobgoblin is lightly wounded.
The goblin hits you but does no damage. The hobgoblin misses you.
You hit the hobgoblin.
The hobgoblin is moderately wounded.
The goblin hits you with a +0 club. The hobgoblin hits you.
Casting: Magic Dart (safe; 4% risk of failure)
Confirm with . or Enter, or press ? or * to list all spells.
Aiming: Magic Dart (safe; 4% risk of failure)
Press: ? - help, Shift-Dir - straight line, f/p - hobgoblin
Aim: a hobgoblin (moderately wounded, 100% to hit)
The magic dart hits the goblin.
You kill the goblin!
The hobgoblin hits you.
You die...

########
#....$@#
.....##g# ##.
#.#
##.##########
#...........#
#..#........#
#....##.##..#
#....######.#
........#....#.#


You could see a hobgoblin.

Vanquished Creatures
  A ball python (D:1)
  2 goblins (D:1)
  2 quokkas (D:1)
  A rat (D:1)
6 creatures vanquished.

Notes
Turn   | Place    | Note
-------+----------+-------------------------------------------
     0 | D:1      | edsrzf the Merfolk Conjurer began the quest for the Orb.
     0 | D:1      | Reached XP level 1. HP: 13/13 MP: 3/3
   301 | D:1      | Slain by a hobgoblin

Illustrated notes

Levels and vault maps discovered:
D:1:      saegor_arrival_simple_d, layout_basic, patterned_corridor

Action                     || total
---------------------------++-------
  Melee: Unarmed           ||    14
   Cast: Magic Dart        ||    11
 Armour: Robe              ||    13
  Dodge: Dodged            ||    17
